 Dungeon Crawl Stone Soup version 0.20.1-1-g8b1a95d (webtiles) character file.

114 dohliylev the Covert (level 4, -2/33 HPs)
             Began as a Vampire Assassin on July 8, 2017.
             Slain by a river rat (5 damage)
             ... in a sewer.
             The game lasted 00:07:06 (2056 turns).

dohliylev the Covert (Vampire Assassin)             Turns: 2056, Time: 00:07:06

Health: -2/33      AC:  5    Str: 10    XL:     4   Next: 66%
Magic:  3/4        EV: 12    Int: 13    God:
Gold:   114        SH:  0    Dex: 16    Spells: 3/3 levels left

rFire    . . .     SeeInvis +   a - +2 dagger
rCold    . . .     Gourm    .   (no shield)
rNeg     + . .     Faith    .   o - +0 robe (curse)
rPois    .         Spirit   .   l - +0 helmet
rElec    .         Reflect  .   c - +1 cloak
rCorr    .         Harm     .   (no gloves)
MR       .....                  (no boots)
Stlth    ++++......             (no amulet)
Regen    0.2/turn               (no ring)
MPRegen  0.1/turn               (no ring)

@: no status effects
A: fangs 3, see invisible, unbreathing
a: Bat Form


You were in a sewer.
You were not thirsty.

You visited 1 branch of the dungeon, and saw 3 of its levels.
You also visited: Sewer.

You collected 114 gold pieces.

Inventory:

Hand Weapons
 a - a +2 dagger (weapon)
 b - a +0 blowgun
 q - a +0 blowgun
Missiles
 e - 54 poisoned needles
 f - 2 curare-tipped needles
Armour
 c - a +1 cloak (worn)
 d - a +0 cloak
 l - a +0 helmet (worn)
 o - a cursed +0 robe (worn)
Scrolls
 i - 3 scrolls of identify {unknown}
 j - a scroll of remove curse {unknown}
 k - 2 scrolls of recharging {unknown}
 m - a scroll of blinking {unknown}
 n - a scroll of teleportation {unknown}
 p - a scroll of enchant armour {unknown}
Potions
 g - 14 potions of blood
 h - a potion of brilliance {unknown}


   Skills:
 + Level 1.9 Fighting
 + Level 2.8 Short Blades
 + Level 1.7 Throwing
 + Level 1.3 Dodging
 * Level 8.6 Stealth


You had 3 spell levels left.
You didn't know any spells.

Dungeon Overview and Level Annotations

Branches:
Dungeon (3/15)

Altars:


Innate Abilities, Weirdness & Mutations

You have razor-sharp teeth.
You have supernaturally acute eyesight. (SInv)
You can survive without breathing.


Message History

Your +0 helmet melds into your body.
Your cursed +0 robe melds into your body.
The rat completely misses you. The river rat closely misses you.
Your transformation has ended.
Your +2 dagger unmelds from your body.
Your +1 cloak unmelds from your body.
Your +0 helmet unmelds from your body.
Your cursed +0 robe unmelds from your body.
Yummy - fresh blood!
You are feeling thirsty.
Yummy - fresh blood!
Yummy - fresh blood!
You hit the river rat.
The river rat is almost dead.
The river rat closely misses you.
You hit the river rat.
You kill the river rat!
You hit the river rat but do no damage.
You bite the river rat, but do no damage.
The river rat bites you.
You die...

######
##....##
#...@..#
#..∩r..#
#......#
#.....##
#≈≈≈≈≈≈#
#≈≈≈≈≈≈#
#≈≈rr≈≈#
#≈≈≈≈≈≈#
#≈≈≈≈≈≈#


You could see a river rat and 2 rats.

Vanquished Creatures
  6 adders (D:2)
  A river rat (Sewer)
  A worm (D:3)
  2 dart slugs (D:1)
  3 leopard geckos (D:3)
  2 bats (D:1)
  6 giant cockroaches
  4 goblins
  2 hobgoblins (D:1)
  3 kobolds
  A ball python (D:1)
  2 frilled lizards
  14 rats
47 creatures vanquished.

Notes
Turn   | Place    | Note
-------+----------+-------------------------------------------
     0 | D:1      | dohliylev the Vampire Assassin began the quest for the Orb.
     0 | D:1      | Reached XP level 1. HP: 16/16 MP: 1/1
    30 | D:1      | Reached skill level 6 in Stealth
   252 | D:1      | Reached XP level 2. HP: 22/22 MP: 2/2
  1052 | D:2      | Reached skill level 7 in Stealth
  1052 | D:2      | Reached XP level 3. HP: 22/27 MP: 3/3
  1612 | D:2      | Reached XP level 4. HP: 33/33 MP: 4/4
  1636 | D:2      | Reached skill level 8 in Stealth
  1998 | D:3      | Found a glowing drain.
  2004 | Sewer    | Entered a sewer
  2056 | Sewer    | Slain by a river rat

Skill      XL: |  1  2  3  4 |
---------------+-------------+-----
Stealth        | 6 7 8 |  8.6
Fighting       | |  1.9
Short Blades   | |  2.8
Throwing       | |  1.7
Dodging        | |  1.3

Action                   |  1- 3 |  4- 6 || total
-------------------------+-------+-------++-------
Melee: Dagger            |    76 |    40 ||   116
       Bite              |     4 |     5 ||     9
       Unarmed           |       |     1 ||     1
 Fire: Blowgun           |       |     1 ||     1
 Abil: End Transformatio |       |     3 ||     3
       Bat Form          |       |     3 ||     3
  Use: Potion            |       |     3 ||     3
 Stab: Sleeping          |    12 |    10 ||    22
Armor: Robe              |    16 |     7 ||    23
Dodge: Dodged            |    33 |    15 ||    48
